 Dungeon Crawl Stone Soup version 0.24.0-13-gcf9b319 (webtiles) character file.

Game seed: 597473395576522888, levelgen mode: deterministic

7620 Fang the Fighter (level 11, -2/71 HPs)
             Began as a Gargoyle Berserker on Nov 26, 2019.
             Was a High Priest of Trog.
             Killed by divine providence
             ... invoked by an orc priest
              (11 damage)
             ... on level 10 of the Dungeon.
             The game lasted 00:09:41 (8848 turns).

Fang the Fighter (Gargoyle Berserker)               Turns: 8848, Time: 00:09:42

Health: -2/71      AC: 23    Str: 24    XL:     11   Next: 18%
Magic:  3/3        EV:  8    Int: 11    God:    Trog [*****.]
Gold:   390        SH: 11    Dex:  9    Spells: 10/10 levels left

rFire    + . .     SeeInvis .   a - +4 broad axe (antimagic)
rCold    + . .     Gourm    .   B - +0 shield
rNeg     + . .     Faith    .   b - +1 plate armour
rPois    ∞         Spirit   .   q - +0 hat {Int+3}
rElec    +         Reflect  .   (no cloak)
rCorr    .         Harm     .   (no gloves)
MR       ++...                  (no boots)
Stlth    ..........             (no amulet)
HPRegen  1.21/turn              k - ring of protection from cold
MPRegen  0.08/turn              D - ring of protection from fire

@: berserk cooldown, starving, regenerating, slowed, very slow
A: negative energy resistance 1, electricity resistance, unbreathing,
petrification resistance, rot immunity, AC +8
a: Berserk, Trog's Hand, Brothers in Arms, Renounce Religion


You were on level 10 of the Dungeon.
You worshipped Trog.
Trog was extremely pleased with you.
You were starving.

You visited 2 branches of the dungeon, and saw 11 of its levels.
You also visited: Ossuary.

You collected 390 gold pieces.

Inventory:

Hand Weapons
 a - a +4 antimagic broad axe (weapon)
Armour
 b - a +1 plate armour (worn)
 q - a +0 hat of intelligence (worn)
 B - a +0 shield (worn)
Jewellery
 k - a ring of protection from cold (left hand)
 o - an uncursed ring of flight
 v - a +4 ring of intelligence
 D - a ring of protection from fire (right hand)
Wands
 f - a wand of enslavement (14)
 u - a wand of iceblast (11)
Scrolls
 h - 6 scrolls of remove curse
 j - 4 scrolls of teleportation
 m - 3 scrolls of blinking
 r - 2 scrolls of identify
 y - a scroll of magic mapping
Potions
 d - a potion of flight
 e - 5 potions of mutation
 g - 2 potions of heal wounds
 i - 5 potions of curing
 l - 3 potions of resistance
 n - 5 potions of agility
 p - a potion of degeneration {unknown}
 s - a potion of magic
 z - a potion of berserk rage
 A - a potion of haste
Comestibles
 c - 25 rations
 t - 10 chunks of flesh


   Skills:
 + Level 9.1 Fighting
 + Level 7.6 Axes
 + Level 8.8 Armour
 + Level 6.6 Dodging
 + Level 7.6 Shields


You had 10 spell levels left.
You didn't know any spells.
Your spell library was empty.

Dungeon Overview and Level Annotations

Branches:
Dungeon (10/15)            Temple (1/1) D:6            Lair (0/6) D:9
Ossuary (visited)
    Orc: D:9-12

Altars:
Ashenzari
Cheibriados
Elyvilon
Gozag
Makhleb
Nemelex Xobeh
Okawaru
Qazlal
Trog
Vehumet
Wu Jian
Xom
Yredelemnul
Zin
The Shining One


Innate Abilities, Weirdness & Mutations

You are resistant to torment.
Your stone body is resilient. (AC +8)
You are immune to poison.
You resist negative energy. (rN+)
You are resistant to electric shocks. (rElec)
You can survive without breathing.
You are immune to petrification.
You are immune to rotting.


Message History

* * * LOW HITPOINT WARNING * * *
Something shocks you. You resist.
* * * LOW HITPOINT WARNING * * *
The orc priest invokes the aid of Beogh against you.
Beogh smites you!
* * * LOW HITPOINT WARNING * * *
You barely miss something.
A sky beast appears from thin air!
Reactivating autopickup.
The sky beast barely misses you.
You closely miss the sky beast.
You are no longer berserk.
You are exhausted.
You feel yourself slow down.
The sky beast hits you but does no damage.
Your plate armour prevents you from hitting the sky beast.
You block the sky beast's attack.
You miss the sky beast. You block the sky beast's attack.
The orc priest invokes the aid of Beogh against you.
Beogh smites you!
You die...

.#.#
................#
.#.#
........######..#
.#.# ........#
##.# .###
........## #.# ..
.....oooo# #.# ##
......Ooo# #.#
.......Yo# #.#
..######Y# #.# ..
#@######.##
##÷......^>
#........##
#........#
#........#
#?.......#
#........#
#........#
#$.......#


You could see a yak, an orc warrior, a sky beast, an ogre, 2 orc priests and 4
orcs.

Vanquished Creatures
  2 orc sorcerers (D:7)
  A troll (D:9)
  A wyvern (D:9)
  13 yaks
  A hungry ghost (D:8)
  Edmund (D:4)
  Menkaure (D:4)
  A sky beast (D:8)
  An orc warrior (D:6)
  2 phantoms
  2 black bears (D:7)
  An ogre (D:10)
  4 wolves (D:9)
  A necrophage (D:7)
  4 centaurs
  2 big kobolds (D:9)
  A crocodile (D:7)
  12 bullfrogs
  A wyvern skeleton (D:9)
  A scorpion (D:9)
  6 killer bees (D:10)
  3 wights (D:8)
  An electric eel (D:9)
  4 howler monkeys
  A lava snake (D:9)
  2 bullfrog zombies
  3 crimson imps
  3 orc priests
  3 jellies (D:6)
  7 hounds
  A bullfrog skeleton (D:8)
  9 orc wizards
  A centaur skeleton (D:5)
  Terence (D:3)
  2 worker ants
  2 hound skeletons
  4 mummies (Ossuary)
  4 gnolls (D:4)
  10 adders
  An ooze (D:3)
  An adder zombie (D:8)
  An adder skeleton (D:4)
  2 dart slugs
  3 worms (D:2)
  8 leopard geckos
  20 orcs
  6 bats
  6 giant cockroaches
  4 gnoll zombies (Ossuary)
  6 hobgoblins
  4 jackals
  15 kobolds
  6 quokkas
  A ball python (D:1)
  6 frilled lizards
  7 gnoll skeletons (Ossuary)
  A goblin (D:2)
  4 goblin skeletons (Ossuary)
  7 goblin zombies (Ossuary)
  3 hobgoblin skeletons (Ossuary)
  4 hobgoblin zombies (Ossuary)
  3 kobold skeletons (Ossuary)
  3 kobold zombies (Ossuary)
  4 orc skeletons (Ossuary)
  4 orc zombies (Ossuary)
  8 rats
  4 rat skeletons (Ossuary)
  3 rat zombies (Ossuary)
265 creatures vanquished.

Notes
Turn   | Place    | Note
-------+----------+-------------------------------------------
     0 | D:1      | Fang the Gargoyle Berserker began the quest for the Orb.
     0 | D:1      | Reached XP level 1. HP: 14/14 MP: 1/1
   222 | D:1      | Reached XP level 2. HP: 13/19 MP: 2/2
   699 | D:1      | Reached XP level 3. HP: 23/23 MP: 3/3
   966 | D:2      | Reached ** piety under Trog
  1314 | D:2      | Reached XP level 4. HP: 11/29 MP: 4/4
  2059 | D:2      | Found a shattered altar of Ashenzari.
  2063 | D:2      | Saw a vision of the Swamp and the Spider Nest.
  2063 | D:2      | Noticed a water moccasin
  2063 | D:2      | Noticed a water moccasin
  2063 | D:2      | Noticed a water moccasin
  2063 | D:2      | Noticed a redback
  2063 | D:2      | Noticed a wolf spider
  2063 | D:2      | Noticed a redback
  2066 | D:2      | Noticed an alligator
  2123 | D:3      | Reached skill level 4 in Fighting
  2142 | D:3      | Found a sparkling altar of Nemelex Xobeh.
  2366 | D:3      | Noticed Terence
  2378 | D:3      | Killed Terence
  2378 | D:3      | Reached XP level 5. HP: 33/33 MP: 5/5
  2462 | D:3      | Reached *** piety under Trog
  2595 | D:4      | Noticed Menkaure
  2604 | D:4      | Killed Menkaure
  2604 | D:4      | Reached XP level 6. HP: 39/39 MP: 6/6
  3061 | D:4      | Reached skill level 1 in Shields
  3179 | D:4      | Reached skill level 5 in Fighting
  3179 | D:4      | Reached XP level 7. HP: 27/44 MP: 7/7
  3571 | D:4      | Noticed Edmund
  3582 | D:4      | Killed Edmund
  3814 | D:5      | Entered Level 5 of the Dungeon
  3884 | D:5      | Found an iron altar of Okawaru.
  3899 | D:5      | Found a radiant altar of Vehumet.
  4208 | D:5      | Reached skill level 5 in Armour
  4208 | D:5      | Reached XP level 8. HP: 45/50 MP: 8/8
  4682 | D:6      | Reached skill level 6 in Fighting
  4703 | D:6      | Found a stormy altar of Qazlal.
  4728 | D:6      | Reached **** piety under Trog
  4733 | D:6      | Reached skill level 5 in Axes
  4897 | D:6      | Found a burning altar of Makhleb.
  4944 | D:6      | Found a white marble altar of Elyvilon.
  5114 | D:6      | Found a staircase to the Ecumenical Temple.
  5121 | Temple   | Entered the Ecumenical Temple
  5447 | D:7      | Noticed an orc sorcerer
  5459 | D:7      | Noticed a red devil
  5459 | D:7      | Killed an orc sorcerer
  5459 | D:7      | Reached XP level 9. HP: 56/56 MP: 9/9
  5650 | D:7      | Noticed an orc sorcerer
  5658 | D:7      | Noticed an orange demon
  5662 | D:7      | Killed an orc sorcerer
  5662 | D:7      | Reached skill level 7 in Fighting
  5662 | D:7      | Reached skill level 5 in Dodging
  5662 | D:7      | Reached skill level 5 in Shields
  5975 | D:7      | Found a bloodstained altar of Trog.
  6061 | D:7      | Found an ornate altar of the Wu Jian Council.
  6350 | D:8      | Found a sand-covered staircase.
  6375 | Ossuary  | Entered an ossuary
  6533 | Ossuary  | Reached ***** piety under Trog
  6701 | D:8      | Found an opulent altar of Gozag.
  6740 | D:8      | Found a snail-covered altar of Cheibriados.
  6741 | D:8      | Found a glowing silver altar of Zin.
  6742 | D:8      | Found a shimmering altar of Xom.
  6917 | D:8      | Reached XP level 10. HP: 63/64 MP: 10/10
  7563 | D:9      | Received a gift from Trog
  7566 | D:9      | Reached skill level 8 in Fighting
  7792 | D:9      | Found a staircase to the Lair.
  7951 | D:9      | Found a glowing golden altar of the Shining One.
  7959 | D:9      | Noticed an angel
  8318 | D:9      | Found a basalt altar of Yredelemnul.
  8320 | D:9      | Noticed a profane servitor
  8399 | D:10     | Entered Level 10 of the Dungeon
  8494 | D:10     | Received a gift from Trog
  8506 | D:10     | Reached XP level 11. HP: 37/69 MP: 11/11
  8700 | D:10     | Reached skill level 9 in Fighting
  8844 | D:10     | HP: 5/106 [orc priest/divine providence (14)]
  8848 | D:10     | Killed from afar by an orc priest

Levels and vault maps discovered:
D:1:      dpeg_arrival_circle_labyrinth_c, layout_basic, serial_bayou_lagoon_a
D:2:      layout_rooms, nicolae_overflow_hidden_temple,
          grunt_ashenzari_visionary [grunt_ashenzari_visionary_swamp,
          grunt_ashenzari_visionary_spider]
D:3:      layout_rooms, nemelex_xobeh_ov_fountains_minmay, uniq_terence
D:4:      layout_cave_pods, first_ration, uniq_edmund, uniq_menkaure
D:5:      layout_loops_ring, fiery_altar_vehumet, okawaru_ov_weapons_minmay
D:6:      layout_rooms, elyvilon_altar_4, lightli_temple_of_fire,
          minmay_temple_entry_enclosed_plants, nicolae_qazlal_eye_of_the_storm
D:7:      cheibrodos_wizards_tower, layout_basic, marbit_many_paths,
          trog_ov_bears_minmay, minmay_small_thing
D:8:      layout_basic, kennysheep_mini,
          chequers_temple_overflow_statue_of_worship,
          nicolae_ossuary_entry_false_entrances
D:9:      layout_cave_pools, grunt_temple_overflow_holy_war, erik_lair_island,
          kennysheep_cross_room
D:10:     layout_basic, erik_orc_1
Temple:   jpeg_temple_island

Skill      XL: |  1  2  3  4  5  6  7  8  9 10 11 |
---------------+----------------------------------+-----
Axes           | 3 4 5 6 7 |  7.6
Dodging        | 2 3 4 5 6 |  6.6
Armour         | 3 4 5 6 7 8 |  8.8
Fighting       | 4 5 6 7 8 9 |  9.1
Shields        | 1 2 4 5 7 |  7.6

Action                   |  1- 3 |  4- 6 |  7- 9 | 10-12 || total
-------------------------+-------+-------+-------+-------++-------
Melee: Hand axe          |   106 |   173 |   156 |       ||   435
       War axe           |       |       |   237 |   194 ||   431
       Broad axe         |       |       |       |    79 ||    79
Invok: Berserk           |     2 |     6 |     6 |     4 ||    18
       Trog's Hand       |       |     2 |       |     2 ||     4
  Use: Scroll            |       |       |    15 |     7 ||    22
       Potion            |       |       |       |     1 ||     1
 Stab: Sleeping          |     1 |       |       |       ||     1
  Eat: Chunk             |     3 |    11 |    22 |     7 ||    43
       Ration            |       |       |       |     1 ||     1
Armor: Animal skin       |    34 |    42 |       |       ||    76
       Chain mail        |       |    68 |   120 |       ||   188
       Plate armour      |       |       |   125 |   249 ||   374
Dodge: Dodged            |    59 |   119 |   105 |   139 ||   422
Block: Shield            |       |    69 |   187 |   234 ||   490
